 Dungeon Crawl Stone Soup version 0.29-a0-495-g17b79114eb (webtiles) character file.

Game seed: 12387048289637236831

553 enile the Skirmisher (level 7, -7/58 HPs)
             Began as a Merfolk Ice Elementalist on May 27, 2022.
             Was a Follower of Nemelex Xobeh.
             Shot with an arrow by a centaur (16 damage)
             ... on level 5 of the Dungeon.
             The game lasted 00:06:20 (5459 turns).

enile the Skirmisher (Merfolk Ice Elementalist)     Turns: 5459, Time: 00:06:20

Health: -7/58      AC:  2    Str:  9    XL:     7   Next: 29%
Magic:  16/20      EV: 14    Int: 16    God:    Nemelex Xobeh [*.....]
Gold:   255        SH:  0    Dex: 14    Spells: 8/12 levels left

rFire   . . .      SeeInvis .   d - +0 dagger
rCold   + . .      Faith    .   (no shield)
rNeg    . . .      Spirit   .   a - +0 robe
rPois   .          Reflect  .   (no helmet)
rElec   .          Harm     .   (no cloak)
rCorr   .          Rampage  .   (no gloves)
Will    .....                   (no boots)
Stlth   +.........              (no amulet)
HPRegen 0.19/turn               n - ring of magical power
MPRegen 0.17/turn               q - ring of protection from cold

@: lit by a corona, glowing
A: (nimble swimmer 2), mertail
a: Renounce Religion, Draw Escape, Draw Destruction, Draw Summoning


You were on level 5 of the Dungeon.
You worshipped Nemelex Xobeh.
Nemelex Xobeh was aware of your devotion.
You visited 1 branch of the dungeon, and saw 5 of its levels.

You collected 255 gold pieces.

Inventory:

Hand Weapons
 d - a +0 dagger (weapon)
Missiles
 h - 129 stones
 i - a javelin (quivered)
Armour
 a - a +0 robe (worn)
Magical Staves
 k - a staff of fire
Jewellery
 n - a ring of magical power (left hand)
 q - a ring of protection from cold (right hand)
Wands
 o - a wand of flame (6)
Scrolls
 c - 4 scrolls of teleportation
 g - a scroll of vulnerability
 j - 2 scrolls of poison
 m - a scroll of noise
 p - a scroll of magic mapping
 s - a scroll of enchant armour
 t - 3 scrolls of fog
 v - a scroll of immolation
Potions
 e - a potion of attraction {unknown}
 f - a potion of curing
 l - a potion of lignification {unknown}
 r - a potion of might {unknown}
 u - a potion of heal wounds {unknown}


   Skills:
 - Level 6.0 Fighting
 + Level 5.4 Dodging
 - Level 2.4 Stealth
 - Level 3.0 Spellcasting
 - Level 5.0 Ice Magic


You had 8 spell levels left.
You knew the following spells:

 Your Spells              Type           Power      Damage    Failure   Level
a - Freeze                Ice            72%        1d9       2%          1
b - Frozen Ramparts       Ice            36%        1d5       7%          3

Your spell library contained the following spells:

 Spells                   Type           Power      Damage    Failure   Level
 Ozocubu's Armour         Ice            18%        N/A       7%          3
 Hailstorm                Conj/Ice       10%        3d5       54%         4


Dungeon Overview and Level Annotations

Branches:
Dungeon (5/15)             Temple (0/1) D:4

Altars:
Nemelex Xobeh
Ru
Trog
The Shining One

Annotations:
D:3 1 runed translucent door, pokeman's ghost, weakling DEWz


Innate Abilities, Weirdness & Mutations

((You are very nimble when in or above water. (Stealth+, EV+, Speed+++)))
Your lower body shifts to a powerful aquatic tail in water.


Message History

The ogre attacks as you move away! The ogre misses you.
The frozen ramparts melt away as you move.
You see here 2 boomerangs.
Casting: Freeze (safe; 2% risk of failure)
Confirm with . or Enter, or press ? or * to list all spells.
Okay, then.
Okay, then.
Casting: Freeze (safe; 2% risk of failure)
Confirm with . or Enter, or press ? or * to list all spells.
Okay, then.
Okay, then.
Okay, then.
As you read the scroll of teleportation, it crumbles to dust.
You feel strangely unstable.
The ogre hits you with a +0 giant spiked club!
* * * LOW HITPOINT WARNING * * *
Your surroundings suddenly seem different.
A centaur, a gnoll shaman and 3 gnolls come into view.
Found a stone staircase leading down and a stone staircase leading up.
The centaur shouts!
The gnoll shouts! x2; You hear a shout!
The gnoll shaman mumbles some strange prayers to its god against you.
You are outlined in light.
Your magical contamination has completely faded away.
Okay, then.
You feel better.
The gnoll shouts!
The centaur hits you.
* * * LOW HITPOINT WARNING * * *
The centaur kicks you.
* * * LOW HITPOINT WARNING * * *
The gnoll shaman closely misses you. The gnoll misses you.
The centaur hits you but does no damage.
The centaur kicks you.
* * * LOW HITPOINT WARNING * * *
Okay, then.
The gnoll attacks as you move away! The gnoll completely misses you.
Found 15 gold pieces and a ring mail.
The centaur wields a +0 shortbow.
The centaur shoots an arrow.
The arrow hits you!
You die...
Your body disappears without additional glow.

..# ..# . [..
...# ..
..##..# .5.
..$..# ....
#.#..#
.....#....###
#....g....#
#..gg.>...#
#...c.@<..#
#..g......#
#.........#
#.........#
#.........#
#.........#
#.........#
#.........#


You could see a centaur, a gnoll shaman, 3 gnolls and an ufetubus.

Vanquished Creatures
  A water moccasin (D:5)
  A centaur (D:5)
  A scorpion (D:5)
  2 jellies
  Natasha (D:3)
  2 iguanas
  2 orc wizards
  A gnoll (D:3)
  5 adders
  2 worms
  2 dart slugs
  11 orcs
  3 ball pythons
  5 bats
  6 endoplasms
  2 giant cockroaches
  3 goblins
  A hobgoblin (D:1)
  3 jackals (D:1)
  A quokka (D:3)
  2 frilled lizards (D:1)
  4 kobolds
  5 rats
66 creatures vanquished.

Notes
Turn   | Place    | Note
-------+----------+-------------------------------------------
     0 | D:1      | enile the Merfolk Ice Elementalist began the quest for the
                  | Orb.
     0 | D:1      | Reached XP level 1. HP: 13/13 MP: 3/3
   244 | D:1      | Reached XP level 2. HP: 14/19 MP: 5/5
   478 | D:1      | Reached skill level 1 in Fighting
   993 | D:1      | Reached XP level 3. HP: 25/27 MP: 4/6
  1339 | D:2      | Reached skill level 2 in Fighting
  1411 | D:2      | Noticed a necrophage
  1977 | D:2      | Learned a level 3 spell: Frozen Ramparts
  2741 | D:3      | Reached skill level 5 in Ice Magic
  2787 | D:3      | Reached XP level 4. HP: 33/33 MP: 3/7
  3199 | D:3      | Noticed Natasha
  3214 | D:3      | Killed Natasha
  3367 | D:3      | Reached skill level 5 in Dodging
  3367 | D:3      | Reached XP level 5. HP: 36/38 MP: 8/8
  3584 | D:3      | Found a runed translucent door.
  3584 | D:3      | Noticed a phantom
  3584 | D:3      | Noticed pokeman's ghost (weakling DEWz)
  3855 | D:3      | Found a bloodstained altar of Trog.
  3855 | D:3      | Found a glowing golden altar of the Shining One.
  3857 | D:3      | Found a sparkling altar of Nemelex Xobeh.
  3989 | D:3      | Found a faded altar of an unknown god.
  4123 | D:3      | Became a worshipper of Nemelex Xobeh the Trickster
  4429 | D:4      | Found a staircase to the Ecumenical Temple.
  4462 | D:4      | Reached skill level 3 in Fighting
  4784 | D:4      | Found a sacrificial altar of Ru.
  4788 | D:4      | Reached XP level 6. HP: 42/47 MP: 10/10
  5058 | D:5      | Entered Level 5 of the Dungeon
  5061 | D:5      | Noticed a water moccasin
  5072 | D:5      | Killed a water moccasin
  5073 | D:5      | Reached skill level 4 in Fighting
  5146 | D:5      | Reached skill level 5 in Fighting
  5149 | D:5      | Reached XP level 7. HP: 36/57 MP: 11/11
  5295 | D:5      | Reached skill level 6 in Fighting
  5343 | D:5      | Reached * piety under Nemelex Xobeh
  5459 | D:5      | Shot with an arrow by a centaur

Illustrated notes

Levels and vault maps discovered:
D:1:      dpeg_arrival_pits, layout_basic
D:2:      layout_loops_ring
D:3:      minmay_angry_zag, layout_loops_corners, minitemple,
          ebering_ghost_inner_flame, shapermc_ecumenical_altar_mp_urbaneastern,
          corexii_shack, minmay_misc_feat_columns, minmay_checkerbox,
          uniq_natasha
D:4:      layout_cave_pools, mainiacjoe_overflow_small_starburst,
          minmay_temple_entry_ruins, minivault_23, saegor_snake_ambush
D:5:      layout_basic, solitary_fountain, chequers_serial_rivers_room_b,
          nicolae_wormholes

Skill      XL: |  1  2  3  4  5  6  7 |
---------------+----------------------+-----
Dodging        | 3 5 |  5.4
Fighting       | 1 2 3 5 6 |  6.0
Ice Magic      | 5 |  5.0
Spellcasting   | 3 |  3.0
Stealth        | |  2.4

Action                   |  1- 3 |  4- 6 |  7- 9 || total
-------------------------+-------+-------+-------++-------
Melee: Unarmed           |    10 |       |       ||    10
       Dagger            |    31 |    42 |     1 ||    74
       Punch             |       |     2 |       ||     2
Throw: Stone             |     6 |       |       ||     6
       Javelin           |     2 |       |       ||     2
       Throwing net      |     1 |       |       ||     1
 Cast: Freeze            |    51 |    28 |     9 ||    88
       Frozen Ramparts   |     3 |     6 |     3 ||    12
  Use: Scroll            |     5 |       |     3 ||     8
       Potion            |     1 |     1 |     1 ||     3
 Stab: Sleeping          |     3 |     5 |     1 ||     9
Armor: Robe              |    18 |     9 |     1 ||    28
Dodge: Dodged            |    57 |    45 |     7 ||   109

Table legend: (Time is in decaauts)
 A = Elapsed time spent in this place.
 B = Non-inter-level travel time spent in this place.
 C = Inter-level travel time spent in this place.
 D = Time resting spent in this place.
 E = Time spent auto-exploring this place.
 F = Levels seen in this place.
 G = Mean time per level.
                   A        B        C        D        E       F      G
               +--------+--------+--------+--------+--------+-----+--------+
         Total |   5445 |   5036 |    409 |    195 |   4191 |   5 | 1089.0 |
       Dungeon |   5445 |   5036 |    409 |    195 |   4191 |   5 | 1089.0 |
               +--------+--------+--------+--------+--------+-----+--------+

Top non-repeatable levels by time:
     D:3: 2090 daAuts
     D:1: 1355 daAuts
     D:4: 822 daAuts
     D:2: 777 daAuts
     D:5: 400 daAuts
